 Dungeon Crawl Stone Soup version 0.30-a0-883-g5ad918d77d (webtiles) character file.

Game seed: 9922677362876413489

103 Dittersdorf the Trooper (level 5, 0/42 HPs)
             Began as a Human Fighter on Mar 17, 2023.
             Was an Initiate of Okawaru.
             Slain by Grinder (5 damage)
             ... on level 3 of the Dungeon.
             The game lasted 00:02:43 (2872 turns).

Dittersdorf the Trooper (Human Fighter)             Turns: 2872, Time: 00:02:44

Health: 0/42       AC: 10    Str: 19    XL:     5   Next: 6%
Magic:  5/5        EV:  7    Int:  8    God:    Okawaru [......]
Gold:   226        SH:  4    Dex: 12    Spells: 4/4 levels left

rFire   . . .      SeeInvis .    a - +0 long sword
rCold   . . .      Faith    .    c - +0 buckler
rNeg    . . .      Spirit   .    s - +0 chain mail
rPois   .          Reflect  .    (no helmet)
rElec   .          Rampage  .    n - +0 cloak
rCorr   .                        (no gloves)
Will    .....                    (no boots) Stlth
                                 (no amulet)
HPRegen 0.27/turn                (no ring)
MPRegen 0.09/turn                (no ring)

@: no status effects
A: no striking features
a: Renounce Religion


You were on level 3 of the Dungeon.
You worshipped Okawaru.
Okawaru was noncommittal.
You visited 1 branch of the dungeon, and saw 3 of its levels.

You collected 226 gold pieces.

Inventory:

Hand Weapons
 a - a +0 long sword (weapon)
Armour
 c - a +0 buckler (worn)
 n - a +0 cloak (worn)
 s - a +0 chain mail (worn)
Scrolls
 f - a scroll of noise {unknown}
 j - a scroll of teleportation {unknown}
 l - a scroll of poison {unknown}
 m - 4 scrolls of identify {unknown}
 o - a scroll of fog {unknown}
 p - 3 scrolls of immolation {unknown}
 r - a scroll of magic mapping {unknown}
Potions
 d - 2 potions of might
 e - 3 potions of brilliance {unknown}
 g - 4 potions of heal wounds {unknown}
 h - 3 potions of curing {unknown}
 i - a potion of attraction {unknown}
 k - a potion of haste {unknown}
 q - a potion of berserk rage {unknown}


   Skills:
 + Level 3.7 Fighting
 + Level 2.9 Long Blades
 + Level 3.6 Armour
 + Level 3.6 Shields


You had 4 spell levels left.
You didn't know any spells.
Your spell library contained the following spells:

 Spells                   Type           Power      Damage    Failure   Level
 Lesser Beckoning         Tloc           0%         N/A       100%        2
 Gell's Gravitas          Tloc           0%         N/A       100%        3
 Teleport Other           Tloc           0%         N/A       100%        3


Dungeon Overview and Level Annotations

Branches:
Dungeon (3/15)

Altars:
Elyvilon
Okawaru

Annotations:
D:3 Grinder


Message History

You barely miss Grinder.
Grinder is moderately wounded.
You block Grinder's attack.
You closely miss Grinder.
Grinder is moderately wounded.
Grinder gestures at you.
You barely resist. Grinder gestures at you. Pain shoots through your body!
You closely miss Grinder.
Grinder is moderately wounded.
Grinder barely misses you.
You hit Grinder.
Grinder is moderately wounded.
Grinder hits you.
You writhe in agony.
You hit Grinder.
Grinder is moderately wounded.
Grinder hits you.
You writhe in agony.
You barely miss Grinder.
Grinder is moderately wounded.
Grinder hits you but does no damage.
You closely miss Grinder.
Grinder is moderately wounded.
You block Grinder's attack. Grinder hits you.
* * * LOW HITPOINT WARNING * * *
You writhe in agony.
* * * LOW HITPOINT WARNING * * *
You hit Grinder but do no damage.
Grinder is moderately wounded.
Grinder gestures at you.
You barely resist. You closely miss Grinder.
Grinder is moderately wounded.
Grinder hits you but does no damage.
You barely miss Grinder.
Grinder is moderately wounded.
Grinder hits you but does no damage. Grinder hits you.
* * * LOW HITPOINT WARNING * * *
You writhe in agony.
You die...

#.# #.# ##+## #.#
##...## #.# ##.....##
#.# ##.......## ##.##
#.........####...#####
+.........'.....>.....
#....@....##........#.
##.>5....###.#....#.#.
##.....## #.#.##.#[#.
##..<## #.#.##.#.#.
##+## #.#.##.#.#.
#..........
######.#### #.


You could see Grinder.

Vanquished Creatures
  An adder (D:2)
  3 dart slugs
  7 orcs (D:3)
  5 ball pythons
  6 bats
  7 endoplasms
  A giant cockroach (D:3)
  6 goblins
  10 hobgoblins
  2 jackals (D:1)
  8 kobolds
  4 quokkas
  10 frilled lizards
  6 rats
76 creatures vanquished.

Vanquished Creatures (others)
  A rat (D:1)
1 creature vanquished.

Grand Total: 77 creatures vanquished

Notes
Turn   | Place    | Note
-------+----------+-------------------------------------------
     0 | D:1      | Dittersdorf the Human Fighter began the quest for the Orb.
     0 | D:1      | Reached XP level 1. HP: 18/18 MP: 1/1
    49 | D:1      | Reached XP level 2. HP: 19/24 MP: 2/2
   533 | D:1      | Reached XP level 3. HP: 29/29 MP: 3/3
  1378 | D:2      | Reached XP level 4. HP: 16/35 MP: 4/4
  1981 | D:2      | Found a faded altar of an unknown god.
  2430 | D:3      | Found a white marble altar of Elyvilon.
  2430 | D:3      | Found an iron altar of Okawaru.
  2438 | D:3      | Became a worshipper of Warmaster Okawaru
  2551 | D:3      | Reached XP level 5. HP: 33/42 MP: 5/5
  2854 | D:3      | Noticed Grinder
  2872 | D:3      | Slain by Grinder

Illustrated notes

Levels and vault maps discovered:
D:1:      nicolae_arrival_washed_ashore, layout_basic, minmay_misc_feat_roman,
          chequers_serial_rivers_micro_b,
          nicolae_concentric_dashed_squares_wild, lemuel_flame_loot_1
D:2:      layout_loops_cross, ebering_ecumenical_altar_sacrificial,
          minmay_quadrilaterals
D:3:      layout_loops_corners, jmf_multi_god_temple, kennysheep_nondescript,
          minmay_misc_feat_x, uniq_grinder

Action                     |  1- 3 |  4- 6 || total
---------------------------+-------+-------++-------
  Melee: Long sword        |   130 |   119 ||   249
 Armour: Scale mail        |    64 |    55 ||   119
         Chain mail        |       |     5 ||     5
  Dodge: Dodged            |    68 |    54 ||   122
  Block: Buckler           |    27 |    27 ||    54

Table legend: (Time is in decaauts)
 A = Elapsed time spent in this place.
 B = Non-inter-level travel time spent in this place.
 C = Inter-level travel time spent in this place.
 D = Time resting spent in this place.
 E = Time spent auto-exploring this place.
 F = Levels seen in this place.
 G = Mean time per level.
                   A        B        C        D        E       F      G
               +--------+--------+--------+--------+--------+-----+--------+
         Total |   2948 |   2893 |     55 |      0 |   2342 |   3 |  982.7 |
       Dungeon |   2948 |   2893 |     55 |      0 |   2342 |   3 |  982.7 |
               +--------+--------+--------+--------+--------+-----+--------+

Top non-repeatable levels by time:
     D:1: 1242 daAuts
     D:2: 894 daAuts
     D:3: 811 daAuts
